 Dungeon Crawl Stone Soup version 0.31.0-11-ge490571c62 (webtiles) character file.

Game seed: 18354390751130395107

2054 qw the Nimble (level 9, -2/44 HPs)
             Began as a Spriggan Hunter on Feb 4, 2024.
             Was a Priest of Okawaru.
             Incinerated by a bombardier beetle (3 damage)
             ... with a burning spray
             ... on level 7 of the Dungeon.
             The game lasted 00:00:27 (5225 turns).

qw the Nimble (Spriggan Hunter)                     Turns: 5225, Time: 00:00:28

Health: -2/44      AC:  2    Str:  7    XL:     9   Next: 5%
Magic:  13/13      EV: 36    Int: 10    God:    Okawaru [***...]
Gold:   375        SH:  5    Dex: 29    Spells: 8/8 levels left

rFire   . . .        m - +0 orcbow
rCold   . . .        (shield currently unavailable)
rNeg    + . .        c - +0 robe
rPois   .            (helmet restricted)
rElec   .            (no cloak)
rCorr   .            (gloves unavailable)
SInv    +            (boots unavailable)
Will    +....        d - amulet of reflection
Stlth   ++           b - +6 ring of dexterity
HPRegen 0.27/turn    j - ring of positive energy
MPRegen 0.13/turn

%: reflection
@: on fire, heroic, marked, glowing, very quick
A: very small, no large weapons, unfitting armour, see invisible, speed 3
a: Renounce Religion, Heroism


You were on level 7 of the Dungeon.
You worshipped Okawaru.
Okawaru was most pleased with you.
You visited 2 branches of the dungeon, and saw 8 of its levels.

You collected 375 gold pieces.


Innate Abilities, Weirdness & Mutations

You are very small and have problems with some larger weapons.
You are too small for most types of armour.
You have supernaturally acute eyesight. (SInv)
You cover ground extremely quickly. (Speed+++)


   Skills:
 - Level 3.3(8.3) Fighting
 - Level 9.0(14.0) Ranged Weapons
 + Level 9.3(14.3) Dodging
 - Level 1.5(6.5) Stealth
 - Level 4.0 Invocations


You had 8 spell levels left.
You didn't know any spells.
Your spell library was empty.

Inventory:

Hand Weapons
 m - a +0 orcbow (weapon)
Armour
 c - a +0 robe (worn)
Jewellery
 b - a +6 ring of dexterity (left hand)
 d - an amulet of reflection (around neck)
 j - a ring of positive energy (right hand)
Wands
 f - a wand of flame (16)
 k - a wand of polymorph (4)
Scrolls
 g - a scroll of enchant armour {unknown}
 l - a scroll of identify
 n - a scroll of torment {unknown}
Potions
 a - a potion of heal wounds {unknown}
 e - 4 potions of curing
 h - a potion of resistance
 i - a potion of enlightenment

Dungeon Overview and Level Annotations

Branches:
Dungeon (7/15)             Temple (1/1) D:4

Altars:
Dithmenos
Elyvilon
Fedhas
Hepliaklqana
Makhleb
Okawaru
Qazlal
Sif Muna
Uskayaw
Vehumet
Wu Jian
Xom
Yredelemnul
Zin

Shops:
D:1 (

Annotations:
D:3 2 transporters, qw's ghost, amateur SpHu
D:6 2 runed translucent doors, qw's ghost, novice DgHu


Message History

You feel agile. x2
You shoot an arrow.
The arrow closely misses the killer bee.
You block the killer bee's attack. The killer bee closely misses you.
You shoot an arrow. The arrow hits the killer bee!!
You kill the killer bee!
Okawaru accepts your kill.
You shoot an arrow. The arrow hits the bombardier beetle.
The bombardier beetle is moderately wounded.
The bombardier beetle sprays incendiary fluid at you.
The burning spray hits you.
You are covered in liquid fire!
You shoot an arrow. The arrow hits the bombardier beetle!
The bombardier beetle is almost dead.
The liquid fire burns you!
You shoot an arrow.
The arrow hits the bombardier beetle but does no damage.
The bombardier beetle is almost dead.
The liquid fire burns you!
You shoot an arrow. The arrow hits the bombardier beetle!
You kill the bombardier beetle!
Okawaru accepts your kill. The liquid fire burns you!
You are on fire!
The liquid fire burns you!
You are on fire!
The liquid fire burns you!
You are on fire!
The liquid fire burns you!
You are on fire!
The liquid fire burns you!
You are on fire!
The liquid fire burns you!
You are on fire!
The liquid fire burns you!
You are on fire!
The liquid fire burns you!
You are on fire!
The liquid fire burns you!
You die...

.. #. #.
# #. . #.
######.##
y..l...)#
## #%# .#
#@# .#
#.# .#
#######.#
.#
#.......#
.#
#.#######
.## #.#
..#
######.#
#.#
#......#
#.#
#.######


There were no monsters in sight!

Vanquished Creatures
  Grinder (D:6)
  An ice beast (D:7)
  2 ogres (D:7)
  2 centaurs (D:7)
  A phantom (D:5)
  2 kobold brigands
  A scorpion (D:5)
  4 killer bees (D:7)
  4 bombardier beetles
  2 jellies
  5 orc priests
  5 hounds
  A sleepcap (D:6)
  5 iguanas
  Terence (D:3)
  3 orc wizards
  4 gnolls (D:5)
  6 adders
  2 white imps
  2 ribbon worms
  A dart slug (D:3)
  27 orcs
  10 bats
  6 endoplasms
  3 giant cockroaches
  8 hobgoblins
  24 kobolds
  A quokka (D:3)
  12 ball pythons
  5 frilled lizards
  7 goblins
  4 rats
162 creatures vanquished.

Notes
Turn   | Place    | Note
-------+----------+-------------------------------------------
     0 | D:1      | qw the Spriggan Hunter began the quest for the Orb.
     0 | D:1      | Reached XP level 1. HP: 10/10 MP: 2/2
     0 | D:1      | 0 ||| qw: Version: 0.3-a-160-g6735b56
     0 | D:1      | 0 ||| qw: Game counter: 5610
     0 | D:1      | 0 ||| qw: Melee chars always use a shield: true
     0 | D:1      | 0 ||| qw: God list: Okawaru
     0 | D:1      | 0 ||| qw: Allow faded altars: false
     0 | D:1      | 0 ||| qw: Do Orc after clearing Dungeon:15 true
     0 | D:1      | 0 ||| qw: Do second Lair branch before Depths: true
     0 | D:1      | 0 ||| qw: Lair rune preference: random
     0 | D:1      | 0 ||| qw: Goals: Normal
     0 | D:1      | 0 ||| PLANNING D:1-11
    51 | D:1      | Reached skill level 3 in Dodging
   106 | D:1      | Reached XP level 2. HP: 14/14 MP: 3/3
   134 | D:1      | Found Luweemn's Antique Weapon Boutique.
   149 | D:1      | 149 ||| SHOPLISTING runed shortbow (120 gold, have 39).
   494 | D:1      | Reached XP level 3. HP: 18/18 MP: 4/4
   606 | D:1      | 606 ||| READING scroll labelled LUARUI DUDWA.
   607 | D:1      | 607 ||| READING scroll labelled OLIXZI YXICK.
   607 | D:1      | 607 ||| IDENTIFYING ruby potion
   608 | D:1      | 608 ||| READING scroll labelled QOMICZ HERPHUTA.
   611 | D:1      | 611 ||| DROPPING scroll of butterflies.
   612 | D:1      | 612 ||| DROPPING potion of attraction.
   839 | D:2      | Reached XP level 4. HP: 22/22 MP: 5/5
  1346 | D:2      | 1346 ||| READING 3 scrolls of identify.
  1346 | D:2      | 1346 ||| IDENTIFYING clear potion
  1347 | D:2      | 1347 ||| READING 2 scrolls of identify.
  1347 | D:2      | 1347 ||| IDENTIFYING glowing pink potion
  1348 | D:2      | 1348 ||| READING scroll of identify.
  1348 | D:2      | 1348 ||| IDENTIFYING pink potion
  1349 | D:2      | 1349 ||| READING scroll labelled SUOZUUD WEHORE.
  1350 | D:2      | 1350 ||| READING scroll labelled DEWISENG OTAL.
  1352 | D:2      | 1352 ||| Stepping ~*~*~tactically~*~*~ (cloud).
  1358 | D:2      | HP: 5/22 [poisoned by you (poison gas)]
  1656 | D:3      | Found a transporter.
  1734 | D:3      | Found a transporter.
  1734 | D:3      | Noticed qw's ghost (amateur SpHu)
  1737 | D:3      | Identified the +5 great mace of Ignis's Inspiration
                  | {freeze, +Blink rC+ Dex+2}
  1737 | D:3      | Noticed an ogre
  1920 | D:3      | Noticed Terence
  1932 | D:3      | Killed Terence
  1933 | D:3      | Reached XP level 5. HP: 26/26 MP: 6/6
  2084 | D:3      | 2084 ||| UPGRADING to amulet of reflection.
  2089 | D:3      | 2089 ||| UPGRADING to +6 ring of dexterity.
  2090 | D:3      | 2090 ||| READING scroll labelled POUJIYHARGH.
  2090 | D:3      | 2090 ||| ENCHANTING +0 shortbow.
  2091 | D:3      | 2091 ||| READING scroll labelled QEDE YCZOSU.
  2092 | D:3      | 2092 ||| READING scroll labelled WOTUR FU AMEEMN.
  2110 | D:4      | 2110 ||| STAIRDANCE
  2153 | D:4      | Found a staircase to the Ecumenical Temple.
  2154 | D:4      | 2154 ||| PLANNING TEMPLE
  2162 | Temple   | Entered the Ecumenical Temple
  2163 | Temple   | 2163 ||| PLANNING OKAWARU WORSHIP
  2170 | Temple   | Became a worshipper of Warmaster Okawaru
  2171 | Temple   | 2171 ||| PLANNING D:1-11
  2217 | D:4      | Found a glowing silver altar of Zin.
  2272 | D:4      | Reached skill level 6 in Dodging
  2279 | D:4      | Reached XP level 6. HP: 30/30 MP: 7/7
  2636 | D:4      | 2636 ||| READING 4 scrolls of identify.
  2636 | D:4      | 2636 ||| IDENTIFYING emerald potion
  2637 | D:4      | 2637 ||| READING 3 scrolls of identify.
  2637 | D:4      | 2637 ||| IDENTIFYING 3 murky golden potions
  2638 | D:4      | 2638 ||| DROPPING 3 potions of degeneration.
  2639 | D:4      | 2639 ||| DROPPING potion of ambrosia.
  2661 | D:5      | Entered Level 5 of the Dungeon
  2692 | D:5      | Found a stormy altar of Qazlal.
  2714 | D:5      | Found a shimmering altar of Xom.
  2872 | D:5      | Reached skill level 6 in Ranged Weapons
  2969 | D:5      | Reached * piety under Okawaru
  3005 | D:5      | Reached skill level 1 in Invocations
  3005 | D:5      | Reached XP level 7. HP: 30/35 MP: 8/8
  3187 | D:5      | HP: 7/35 [orc priest/nerve-wracking pain (6)]
  3188 | D:5      | 3188 ||| READING 3 scrolls of teleportation.
  3413 | D:5      | 3413 ||| RETREEEEATING.
  3417 | D:5      | 3417 ||| RETREEEEATING.
  3418 | D:5      | 3418 ||| RETREEEEATING.
  3419 | D:5      | 3419 ||| RETREEEEATING.
  3534 | D:5      | Reached ** piety under Okawaru
  3538 | D:5      | Reached skill level 3 in Invocations
  3579 | D:5      | Found a white marble altar of Elyvilon.
  3718 | D:5      | 3718 ||| UPGRADING to ring of positive energy.
  3730 | D:5      | 3730 ||| READING 2 scrolls of identify.
  3730 | D:5      | 3730 ||| IDENTIFYING murky red potion
  3731 | D:5      | 3731 ||| READING scroll of identify.
  3731 | D:5      | 3731 ||| IDENTIFYING scroll labelled MIMNUL DIGG
  3732 | D:5      | 3732 ||| READING scroll of brand weapon.
  3732 | D:5      | 3732 ||| BRANDING +1 shortbow.
  3746 | D:5      | 3746 ||| DROPPING potion of berserk rage.
  3825 | D:6      | Noticed Grinder
  3826 | D:6      | 3826 ||| INVOKING Heroism.
  3838 | D:6      | Paralysed by Grinder for 4 turns
  3847 | D:6      | Killed Grinder
  3945 | D:6      | Found a hide-covered altar of Uskayaw.
  3947 | D:6      | Noticed a +0 dagger
  3947 | D:6      | Noticed a +0 dagger
  4045 | D:6      | Reached XP level 8. HP: 39/39 MP: 10/12
  4397 | D:6      | Found a large runed translucent door.
  4397 | D:6      | Found a large runed translucent door.
  4402 | D:6      | Noticed qw's ghost (novice DgHu)
  4676 | D:7      | Reached skill level 9 in Dodging
  4741 | D:7      | 4741 ||| SWAPPING to +0 orcbow.
  4742 | D:7      | 4742 ||| DROPPING +1 shortbow of freezing.
  4776 | D:7      | HP: 9/39 [orc priest/+0 hand axe (1)]
  4777 | D:7      | 4777 ||| READING 2 scrolls of teleportation.
  4941 | D:7      | Found a burning altar of Makhleb.
  4951 | D:7      | HP: 5/39 [centaur/arrow (12)]
  4952 | D:7      | 4952 ||| READING scroll of teleportation.
  4954 | D:7      | 4954 ||| FLEEEEING.
  4955 | D:7      | 4955 ||| FLEEEEING.
  4956 | D:7      | 4956 ||| FLEEEEING.
  4957 | D:7      | 4957 ||| FLEEEEING.
  4958 | D:7      | 4958 ||| FLEEEEING.
  4959 | D:7      | 4959 ||| FLEEEEING.
  4960 | D:7      | 4960 ||| FLEEEEING.
  4963 | D:7      | 4963 ||| FLEEEEING.
  4986 | D:7      | 4986 ||| FLEEEEING.
  4987 | D:7      | 4987 ||| FLEEEEING.
  4988 | D:7      | 4988 ||| FLEEEEING.
  4989 | D:7      | 4989 ||| FLEEEEING.
  4990 | D:7      | 4990 ||| FLEEEEING.
  4991 | D:7      | 4991 ||| FLEEEEING.
  4992 | D:7      | 4992 ||| FLEEEEING.
  4993 | D:7      | 4993 ||| FLEEEEING.
  4994 | D:7      | 4994 ||| FLEEEEING.
  4995 | D:7      | 4995 ||| FLEEEEING.
  4996 | D:7      | 4996 ||| FLEEEEING.
  4997 | D:7      | 4997 ||| FLEEEEING.
  4998 | D:7      | 4998 ||| FLEEEEING.
  4999 | D:7      | 4999 ||| FLEEEEING.
  5000 | D:7      | 5000 ||| FLEEEEING.
  5002 | D:7      | 5002 ||| FLEEEEING.
  5003 | D:7      | 5003 ||| FLEEEEING.
  5008 | D:7      | 5008 ||| FLEEEEING.
  5009 | D:7      | 5009 ||| FLEEEEING.
  5010 | D:7      | 5010 ||| FLEEEEING.
  5012 | D:7      | 5012 ||| FLEEEEING.
  5013 | D:7      | 5013 ||| FLEEEEING.
  5015 | D:7      | 5015 ||| FLEEEEING.
  5016 | D:7      | 5016 ||| FLEEEEING.
  5017 | D:7      | 5017 ||| FLEEEEING.
  5018 | D:7      | 5018 ||| FLEEEEING.
  5019 | D:7      | 5019 ||| FLEEEEING.
  5092 | D:7      | Reached *** piety under Okawaru
  5093 | D:7      | Reached skill level 3 in Fighting
  5188 | D:7      | 5188 ||| RETREEEEATING.
  5197 | D:7      | 5197 ||| INVOKING Heroism.
  5212 | D:7      | Reached skill level 9 in Ranged Weapons
  5212 | D:7      | Reached XP level 9. HP: 35/44 MP: 11/13
  5222 | D:7      | HP: 7/44 [burnt (5)]
  5224 | D:7      | HP: 1/44 [burnt (4)]
  5225 | D:7      | Incinerated by a bombardier beetle

Levels and vault maps discovered:
D:1:      lemuel_arrival_tunnels, layout_basic, serial_shops,
          nicolae_shop_hallway_plus
D:2:      layout_loops_ring, minmay_bisected
D:3:      layout_basic, gammafunk_ghost_smash, uniq_terence
D:4:      layout_rooms, general_overflow_altar, temple_hall
D:5:      layout_loops_corners, nicolae_qazlal_general_emergency,
          mainiacjoe_overflow_alcove_1, kennysheep_mini_moat
D:6:      layout_loops_ring, dancing_weapons_uskayaw,
          ebering_ghost_disaster_area, uniq_grinder
D:7:      layout_loops_ring, slow_altar_1, mainiacjoe_overflow_brackets
Temple:   nicolae_temple_two_arcs

Skill      XL: |  1  2  3  4  5  6  7  8 |
---------------+-------------------------+-----
Dodging        | 3 4 5 6 7 8 9 |  9.3
Ranged Weapons | 5 6 9 |  9.0
Fighting       | 2 3 |  3.3
Invocations    | 1 4 |  4.0
Stealth        | |  1.5

Action                     |  1- 3 |  4- 6 |  7- 9 || total
---------------------------+-------+-------+-------++-------
   Fire: Shortbow          |   113 |   209 |   146 ||   468
         Orcbow            |       |       |    74 ||    74
 Invoke: Heroism           |       |       |     2 ||     2
    Use: Scroll            |     3 |    10 |     6 ||    19
 Armour: Robe              |    14 |    17 |    23 ||    54
  Dodge: Dodged            |    42 |    87 |   151 ||   280
  Block: Other             |       |    13 |    37 ||    50
         Reflection        |       |       |     5 ||     5

Table legend:
 A = Non-vault XP
 B = Vault XP
 C = Vault XP percentage of total XP
 D = Non-vault monster count
 E = Vault monster count
 F = Vault count percentage of total count
                 A         B        C        D         E       F
            +---------+---------+-------+---------+---------+-------
      Total |    2563 |     372 |  12.7 |     155 |       7 |   4.3
            +---------+---------+-------+---------+---------+-------
        D:1 |      44 |       0 |   0.0 |      28 |       0 |   0.0
        D:2 |      40 |      19 |  32.2 |      15 |       4 |  21.1
        D:3 |      90 |      38 |  29.7 |      26 |       1 |   3.7
        D:4 |     220 |       0 |   0.0 |      27 |       0 |   0.0
        D:5 |     688 |       0 |   0.0 |      22 |       0 |   0.0
        D:6 |     238 |     267 |  52.9 |      10 |       1 |   9.1
        D:7 |    1243 |      48 |   3.7 |      27 |       1 |   3.6
            +---------+---------+-------+---------+---------+-------
